 Dungeon Crawl Stone Soup version 0.30-a0-141-g30f27751c5 (webtiles) character file.

Game seed: 11698148870662098484

294 ytrimaz the Changer (level 6, -5/37 (38) HPs)
             Began as an Octopode Transmuter on Sept 25, 2022.
             Slain by Duvessa
             ... wielding a +0 short sword
              (8 damage)
             ... on level 4 of the Dungeon.
             The game lasted 00:06:05 (3830 turns).

ytrimaz the Changer (Octopode Transmuter)           Turns: 3830, Time: 00:06:06

HP:   -5/37 (38)    AC: 12    Str:  9    XL:     6   Next: 33%
MP:   5/11          EV: 18    Int: 18    God:
Gold: 176           SH:  0    Dex: 12    Spells: 1/11 levels left

rFire   . . .      SeeInvis .      - Unarmed
rCold   . . .      Faith    .    (shield currently unavailable)
rNeg    + + +      Spirit   .    (helmet currently unavailable)
rPois   +          Reflect  .    (no amulet)
rElec   .          Harm     .    (no ring)
rCorr   .          Rampage  .    (no ring)
Will    .....                    (no ring)
Stlth   +.........               (no ring)
HPRegen 0.12/turn                (no ring)
MPRegen 0.12/turn                (no ring)
                                 (no ring)
                                 (no ring)

@: lit by a corona, fungus-form, very slightly contaminated, glowing, lightly
drained
A: melee confuse, terrified, no casting, almost no armour, (amphibious), 8
rings, tiny, (camouflage 1), (gelatinous body 1), (nimble swimmer 1),
(tentacles)
a: no special abilities


You were on level 4 of the Dungeon.
You were a sentient fungus.
You visited 1 branch of the dungeon, and saw 4 of its levels.

You collected 222 gold pieces.
You spent 46 gold pieces at shops.


Innate Abilities, Weirdness & Mutations

You are a sentient fungus.
You are tiny and evasive.
Your melee attack releases spores that confuse breathing creatures.
You become terrified and freeze when enemies are visible.
Your armour is entirely melded.
You are incapable of wielding weapons or throwing items.
You cannot cast spells.
You cannot wear most types of armour.
((You are amphibious.))
You can wear up to eight rings at the same time.
((Your skin changes colour to match your surroundings (Stealth+).))
((Your rubbery body absorbs attacks. (AC +1, EV +1)))
((You are camouflaged when in or above water. (Stealth+)))
((You have tentacles for arms and can constrict up to eight enemies at once.))


   Skills:
 - Level 1.0 Fighting
 - Level 2.0 Dodging
 - Level 3.0 Unarmed Combat
 + Level 3.3 Spellcasting
 + Level 3.5 Transmutations
 + Level 2.7 Ice Magic
 + Level 3.5 Poison Magic


You had one spell level left.
You knew the following spells:

 Your Spells              Type           Power      Damage    Failure   Level
a - Beastly Appendage     Tmut           30%        N/A       3%          1
b - Wereblood             Tmut           15%        N/A       5%          2
c - Spider Form           Tmut/Pois      15%        N/A       11%         3
d - Ice Form              Ice/Tmut       14%        N/A       41%         4

Your spell library contained the following spells:

 Spells                   Type           Power      Damage    Failure   Level
 Static Discharge         Conj/Air       6%         2-3/arc   24%         2
 Arcjolt                  Conj/Air       1%         1d11      99%         5
 Lightning Bolt           Conj/Air       1%         1d12      99%         5
 Maxwell's Capacitive Co  Air            1%         ∞         100%        8

Inventory:

Wands
 f - a wand of polymorph (8)
   (You found it on level 2 of the Dungeon)
Scrolls
 c - a scroll of enchant armour
 k - a scroll of teleportation
Potions
 a - a potion of lignification
 b - a potion of attraction {unknown}
 d - a potion of flight {unknown}
 e - 2 potions of haste {unknown}
 g - a potion of invisibility {unknown}
 h - a potion of might
 i - a potion of curing {unknown}
 j - a potion of brilliance {unknown}
 l - a potion of berserk rage {unknown}

Dungeon Overview and Level Annotations

Branches:
Dungeon (4/15) Zot: 20178
 Temple: D:4-7

Altars:

Shops:
D:1 *

Annotations:
D:4 Dowan, Duvessa

#.......#####.#.##.
#.#####...###.#
#.#.### #.....'...#
#.#####.#.#
#######...#
#.......#.# ##'##
#..###### # #.####..#
#. #...)...#
#..#######.#####..
#...fe.e..........
......g######.#......
#..#...#..ee..#)#####
# #...#.###### # #...
##.. ##. ..


You could see Duvessa (strong), Dowan and a goblin.


Message History

You kill the giant cockroach!
No target in view!
No target in view!
No target in view!
No target in view!
No target in view!
No target in view!
No target in view!
No target in view!
No target in view!
No target in view!
No target in view!
No target in view!
d - a bubbling brown potion 😎 HP[+1]
Your hp is fully restored (37).
Unknown command.
l - an emerald potion You open the door.
There is an open door here.
There is an open door here.
As you open the door, it creaks loudly!
Okay, then.
You open the door.
There is an open door here.
Key pressed, stopping explore.
Duvessa and Dowan come into view.
Duvessa is wielding a +0 short sword and carrying a wand of polymorph (8).
Duvessa shouts!
Dowan shouts!
Dowan gestures at you while chanting.
You are outlined in light.
There are monsters nearby!
Unknown command.
Casting: Spider Form (dangerous; 11% risk of failure)
Confirm with . or Enter, or press ? or * to list all spells.
The spell is extremely dangerous to miscast (41% risk of failure)!
Continue anyway?
You miscast Ice Form.
You are very lightly contaminated with residual magic.
You feel extremely cold! 😮 HP[-13] MP[-4]
You take 13 damage, and now have 24/37 hp.
MASSIVE DAMAGE!! (PAUSE)
You lost 4 mp, and now have 7/11 mp.
Casting: Ice Form (extremely dangerous; 41% risk of failure)
Confirm with . or Enter, or press ? or * to list all spells.
The spell is extremely dangerous to miscast (41% risk of failure)!
Continue anyway?
You miscast Ice Form.
Your limbs ache and wobble like jelly.
You are lightly contaminated with residual magic. 😮 MP[-4]
You lost 4 mp, and now have 3/11 mp.
Unknown command.
Casting: Ice Form (extremely dangerous; 41% risk of failure)
Confirm with . or Enter, or press ? or * to list all spells.
You don't have enough magic to cast this spell.
Unknown command. 😮 HP[+1] Unknown command.
Dowan gestures wildly while chanting.
Dowan blinks!
A goblin comes into view. It is wielding a +0 club.
The goblin shouts!
Duvessa zaps a wand.
You turn into a sentient fungus.
You're too terrified to move while being watched!
You can't do that in your present form.
Unknown command.
Unknown command.
You're too terrified to move while being watched! 😮 MP[+1] Unknown command.
You release spores at Duvessa!
You release spores at Duvessa!
Duvessa drinks a potion.
Duvessa seems to grow stronger. 😮 HP[+1]
You release spores at Duvessa.
Duvessa misses you.
You release spores at Duvessa.
Duvessa closely misses you. The goblin barely misses you.
Unknown command.
You barely miss Duvessa. Duvessa hits you with a +0 short sword!
* * * LOW HITPOINT WARNING * * *
The goblin misses you. 😨 HP[-8]
You take 8 damage, and now have 18/37 hp.
MASSIVE DAMAGE!! (PAUSE)
You release spores at Duvessa.
Duvessa hits you with a +0 short sword!
* * * LOW HITPOINT WARNING * * *
The goblin hits you with a +0 club.
* * * LOW HITPOINT WARNING * * *
😱 HP[-15]
You take 15 damage, and now have 3/37 hp.
MASSIVE DAMAGE!! (PAUSE)
You release spores at Duvessa.
The goblin completely misses you. Duvessa hits you but does no damage.
Unknown command.
Okay, then.
Okay, then.
You completely miss Duvessa. Duvessa hits you with a +0 short sword!
You die...

Skill      XL: |  1  2  3  4  5 |
---------------+----------------+-----
Poison Magic   | 1 2 3 |  3.5
Ice Magic      | 1 2 |  2.7
Transmutations | 3 |  3.5
Spellcasting   | 3 |  3.3
Fighting       | |  1.0
Dodging        | |  2.0
Unarmed Combat | |  3.0

Action                   |  1- 3 |  4- 6 || total
-------------------------+-------+-------++-------
Melee: Unarmed           |    65 |    90 ||   155
       Constrict         |    20 |    12 ||    32
       Kick              |    18 |       ||    18
       Tentacles         |    10 |    12 ||    22
       Punch             |       |     1 ||     1
 Cast: Beastly Appendage |    17 |     1 ||    18
       Spider Form       |     1 |     7 ||     8
  Use: Scroll            |     2 |     1 ||     3
       Potion            |       |     2 ||     2
 Stab: Sleeping          |     3 |     4 ||     7
Armor: Skin              |     3 |    13 ||    16
Dodge: Dodged            |    31 |    51 ||    82

Levels and vault maps discovered:
D:1:      scummos_arrival_simple_fountains, layout_basic, serial_shops, shop
D:2:      cheibrodos_old_hovel, layout_loops_cross, basic_ecumenical_altar
D:3:      layout_loops_cross
D:4:      layout_basic, minmay_misc_feat_five, grunt_ministairs_12, uniq_duvessa

Notes
Turn   | Place    | Note
-------+----------+-------------------------------------------
     0 | D:1      | ytrimaz the Octopode Transmuter began the quest for the
                  | Orb.
     0 | D:1      | Reached XP level 1. HP: 13/13 MP: 3/3
     0 | D:1      | magus.rc [v1.9.6]
   156 | D:1      | Reached XP level 2. HP: 11/18 MP: 3/5
   369 | D:1      | Reached skill level 1 in Poison Magic
   706 | D:1      | Reached skill level 1 in Ice Magic
   774 | D:1      | Reached XP level 3. HP: 23/23 MP: 4/6
   873 | D:1      | Found Dedusoj's Assorted Antiques.
   890 | D:1      | Bought a red potion for 23 gold pieces
   890 | D:1      | Bought a coppery potion for 23 gold pieces
  1110 | D:2      | Learned a level 2 spell: Wereblood
  1114 | D:2      | Learned a level 3 spell: Spider Form
  1685 | D:2      | Found a faded altar of an unknown god.
  1935 | D:2      | Reached skill level 2 in Poison Magic
  1935 | D:2      | Reached XP level 4. HP: 28/28 MP: 2/7
  3059 | D:4      | Reached skill level 3 in Transmutations
  3059 | D:4      | Reached skill level 2 in Ice Magic
  3059 | D:4      | Reached XP level 5. HP: 29/33 MP: 5/9
  3249 | D:4      | Reached skill level 3 in Spellcasting
  3249 | D:4      | Reached skill level 3 in Poison Magic
  3317 | D:4      | You pick up a book of Lightning and begin reading...
  3317 | D:4      | You add the spells Static Discharge, Lightning Bolt,
                  | Arcjolt and Maxwell's Capacitive Coupling to your library.
  3329 | D:4      | Learned a level 4 spell: Ice Form
  3337 | D:4      | Reached XP level 6. HP: 25/38 MP: 3/10
  3503 | D:4      | HP: 7/33 [necrophage (5)]
  3812 | D:4      | Noticed Duvessa
  3812 | D:4      | Noticed Dowan
  3828 | D:4      | HP: 7/37 [Duvessa/+0 short sword (11)]
  3828 | D:4      | HP: 3/37 [goblin/+0 club (4)]
  3830 | D:4      | Slain by Duvessa

Vanquished Creatures
  A necrophage (D:4)
  A scorpion (D:4)
  A hound (D:4)
  An orc priest (D:4)
  An iguana (D:2)
  An adder (D:3)
  3 dart slugs
  11 orcs
  5 endoplasms
  3 giant cockroaches
  9 goblins
  6 hobgoblins
  2 quokkas
  4 ball pythons
  4 bats
  3 frilled lizards
  5 kobolds
  A rat (D:1)
62 creatures vanquished.

Table legend:
 A = Non-vault XP
 B = Vault XP
 C = Vault XP percentage of total XP
 D = Non-vault monster count
 E = Vault monster count
 F = Vault count percentage of total count
                 A         B        C        D         E       F
            +---------+---------+-------+---------+---------+-------
      Total |     368 |      52 |  12.4 |      57 |       5 |   8.1
            +---------+---------+-------+---------+---------+-------
        D:1 |      45 |       0 |   0.0 |      25 |       0 |   0.0
        D:2 |      49 |       1 |   2.0 |       7 |       1 |  12.5
        D:3 |      56 |       0 |   0.0 |      20 |       0 |   0.0
        D:4 |     218 |      51 |  19.0 |       5 |       4 |  44.4
            +---------+---------+-------+---------+---------+-------

Illustrated notes

Table legend:
 A = Kills in this place as a percentage of kills in entire the game.
 B = Kills by you in this place as a percentage of kills by you in the entire game.
 C = Kills by friends in this place as a percentage of kills by friends in the entire game.
 D = Other kills in this place as a percentage of other kills in the entire game.
 E = Experience gained in this place as a percentage of experience gained in the entire game.
 F = Experience gained in this place divided by the number of levels of this place that you have seen.
                   A       B       C       D       E      F
               +-------+-------+-------+-------+-------+----------------------
         Total | 100.0 | 100.0 |   N/A |   N/A | 100.0 | 105.0
       Dungeon | 100.0 | 100.0 |   N/A |   N/A | 100.0 | 105.0
               +-------+-------+-------+-------+-------+----------------------

Table legend: (Time is in decaauts)
 A = Elapsed time spent in this place.
 B = Non-inter-level travel time spent in this place.
 C = Inter-level travel time spent in this place.
 D = Time resting spent in this place.
 E = Time spent auto-exploring this place.
 F = Levels seen in this place.
 G = Mean time per level.
                   A        B        C        D        E       F      G
               +--------+--------+--------+--------+--------+-----+--------+
         Total |   3820 |   3726 |     94 |    131 |   3148 |   4 |  955.0 |
       Dungeon |   3820 |   3726 |     94 |    131 |   3148 |   4 |  955.0 |
               +--------+--------+--------+--------+--------+-----+--------+

Top non-repeatable levels by time:
     D:1: 1103 daAuts
     D:3: 999 daAuts
     D:2: 940 daAuts
     D:4: 777 daAuts
